TOP OF THE 1ST |
Chicago Gold Sox batting - Pitching for Toledo Stingers : RHP Enrique Castro
|
Pitching: RHP Enrique Castro
|
|
Batting: RHB Zeus Preckwinkle
|
0-0: Called Strike 0-1: Ball 1-1: Ball 2-1: Called Strike 2-2: Ball 3-2: Fly out, F6 (Flyball, 56D)
|
Batting: RHB Jay Hood
|
0-0: Called Strike 0-1: Ball 1-1: Foul Ball, location: 2F 1-2: SINGLE (Groundball, 6) (infield hit)
|
Batting: RHB Ramón Rodríguez
|
0-0: Ball 1-0: Ball 2-0: Ball 3-0: Called Strike 3-1: Swinging Strike 3-2: Strikes out swinging
|
Batting: RHB Shimei Miura
|
0-0: Ball 1-0: Foul Ball, location: 2F 1-1: Foul Ball, location: 2F 1-2: Strikes out swinging
|
Top of the 1st over - 0 runs, 1 hit, 0 errors, 1 left on base; Chicago 0 - Toledo 0 |
BOTTOM OF THE 1ST |
Toledo Stingers batting - Pitching for Chicago Gold Sox : RHP Tony Alfonso
|
Pitching: RHP Tony Alfonso
|
|
Batting: RHB Tamasaburo Kato
|
0-0: Ball 1-0: Foul Ball, location: 2F 1-1: Swinging Strike 1-2: Strikes out looking
|
Batting: RHB Manny Bendixen
|
0-0: Ball 1-0: Ball 2-0: Foul Ball, location: 2F 2-1: Called Strike 2-2: Ground out 5-3 (Groundball, 56)
|
Batting: RHB Alfredo Martínez
|
0-0: Called Strike 0-1: Foul Ball, location: 2F 0-2: Ball 1-2: Ball 2-2: Ball 3-2: Strikes out swinging
|
Bottom of the 1st over - 0 runs, 0 hits, 0 errors, 0 left on base; Chicago 0 - Toledo 0 |
TOP OF THE 2ND |
Chicago Gold Sox batting - Pitching for Toledo Stingers : RHP Enrique Castro
|
Batting: SHB Lupo Cotto
|
0-0: Ball 1-0: Foul Ball, location: 2F 1-1: Foul Ball, location: 2F 1-2: Ball 2-2: Ball 3-2: DOUBLE (Groundball, 3L)
|
Batting: RHB Manuel Guillama
|
0-0: Ball 1-0: Called Strike 1-1: Ball 2-1: Foul Ball, location: 2F 2-2: Ball 3-2: Foul Ball, location: 2F 3-2: Strikes out swinging
|
Batting: RHB Gustavo Mateo
|
0-0: Fly out, F7 (Flyball, 7LD) Runner from 2nd tags up, SAFE at 3rd, no throw
|
Batting: RHB Jeb Sexton
|
0-0: Called Strike 0-1: Ball 1-1: Fly out, F6 (Line Drive, 6)
|
Top of the 2nd over - 0 runs, 1 hit, 0 errors, 1 left on base; Chicago 0 - Toledo 0 |
BOTTOM OF THE 2ND |
Toledo Stingers batting - Pitching for Chicago Gold Sox : RHP Tony Alfonso
|
Batting: LHB Tural Bishara
|
0-0: Swinging Strike 0-1: Ball 1-1: Ball 2-1: Ball 3-1: Base on Balls
|
Batting: SHB Dylan Carson
|
0-0: Ball 1-0: Swinging Strike 1-1: Foul Ball, location: 2F 1-2: Strikes out swinging
|
Batting: RHB Brett Callison
|
0-0: Swinging Strike 0-1: Foul Ball, location: 2F 0-2: Ball 1-2: Ball 2-2: Ball 3-2: Fly out, F8 (Flyball, 8LXD) Runner from 1st tags up, SAFE at 2nd
|
Batting: SHB Eugene Clutch
|
0-0: Ball 1-0: Called Strike 1-1: Ball 2-1: Foul Ball, location: 2F 2-2: Foul Ball, location: 2F 2-2: Ball 3-2: Ground out 4-3 (Groundball, 34D)
|
Bottom of the 2nd over - 0 runs, 0 hits, 0 errors, 1 left on base; Chicago 0 - Toledo 0 |
TOP OF THE 3RD |
Chicago Gold Sox batting - Pitching for Toledo Stingers : RHP Enrique Castro
|
Batting: LHB Roberto Vázquez
|
0-0: Swinging Strike 0-1: Foul Ball, location: 2F 0-2: Strikes out swinging
|
Batting: RHB Zeus Preckwinkle
|
0-0: Called Strike 0-1: Ball 1-1: Ball 2-1: Ground out 6-3 (Groundball, 6M)
|
Batting: RHB Jay Hood
|
0-0: Foul Ball, location: 2F 0-1: Foul Ball, location: 2F 0-2: Ball 1-2: Ball 2-2: Foul Ball, location: 2F 2-2: Strikes out swinging
|
Top of the 3rd over - 0 runs, 0 hits, 0 errors, 0 left on base; Chicago 0 - Toledo 0 |
BOTTOM OF THE 3RD |
Toledo Stingers batting - Pitching for Chicago Gold Sox : RHP Tony Alfonso
|
Batting: RHB Pedro Álvarez
|
0-0: Ball 1-0: Ball 2-0: Swinging Strike 2-1: Foul Ball, location: 2F 2-2: Fly out, F7 (Flyball, 7LM)
|
Batting: LHB Francisco Alfaro
|
0-0: Ball 1-0: Called Strike 1-1: Called Strike 1-2: Foul Ball, location: 2F 1-2: Strikes out swinging
|
Batting: RHB Tamasaburo Kato
|
0-0: Ball 1-0: Ball 2-0: Called Strike 2-1: Ball 3-1: Base on Balls
|
Batting: RHB Manny Bendixen
|
0-0: Swinging Strike 0-1: Swinging Strike 0-2: Strikes out swinging
|
Bottom of the 3rd over - 0 runs, 0 hits, 0 errors, 1 left on base; Chicago 0 - Toledo 0 |
TOP OF THE 4TH |
Chicago Gold Sox batting - Pitching for Toledo Stingers : RHP Enrique Castro
|
Batting: RHB Ramón Rodríguez
|
0-0: Ground out 4-3 (Groundball, 4)
|
Batting: RHB Shimei Miura
|
0-0: Called Strike 0-1: Ball 1-1: Swinging Strike 1-2: Ball 2-2: DOUBLE (Flyball, 8LXD)
|
Batting: SHB Lupo Cotto
|
0-0: Ball 1-0: Swinging Strike 1-1: Ball 2-1: Foul Ball, location: 2F 2-2: Ball 3-2: Foul Ball, location: 2F 3-2: Base on Balls
|
Batting: RHB Manuel Guillama
|
0-0: SINGLE (Groundball, 34D) Shimei Miura to third Lupo Cotto to second Runner from 3rd tries for Home, throw and OUT!
|
Batting: RHB Gustavo Mateo
|
0-0: Ball 1-0: Called Strike 1-1: Ball 2-1: Fly out, F4 (Line Drive, 4M)
|
Top of the 4th over - 0 runs, 2 hits, 0 errors, 2 left on base; Chicago 0 - Toledo 0 |
BOTTOM OF THE 4TH |
Toledo Stingers batting - Pitching for Chicago Gold Sox : RHP Tony Alfonso
|
Batting: RHB Alfredo Martínez
|
0-0: Ball 1-0: Called Strike 1-1: SOLO HOME RUN (Flyball, 7D), Distance : 399 ft
|
Batting: LHB Tural Bishara
|
0-0: Foul Ball, location: 2F 0-1: DOUBLE (Groundball, 3L)
|
Batting: SHB Dylan Carson
|
0-0: Ball Tural Bishara steals 3rd base 1-0: Foul Ball, location: 2F 1-1: Foul Ball, location: 2F 1-2: SINGLE (Line Drive, 4MD) Tural Bishara scores
|
Batting: RHB Brett Callison
|
0-0: Ball 1-0: Swinging Strike 1-1: Ball 2-1: Swinging Strike 2-2: Ball 3-2: Fly out, F7 (Flyball, 78XD)
|
Batting: SHB Eugene Clutch
|
0-0: Ball 1-0: Ball 2-0: Swinging Strike 2-1: Ball Dylan Carson steals 2nd base 3-1: Called Strike 3-2: SINGLE (Groundball, 34S) (infield hit) Dylan Carson to third
|
Batting: RHB Pedro Álvarez
|
0-0: Fly out, F6 (Popup, P)
|
Batting: LHB Francisco Alfaro
|
0-0: Swinging Strike 0-1: Foul Ball, location: 2F 0-2: Ball 1-2: Reached via error on a dropped throw, E1 Dylan Carson scores Eugene Clutch to second
|
Batting: RHB Tamasaburo Kato
|
0-0: Fly out, F8 (Line Drive, 8LD)
|
Bottom of the 4th over - 3 runs, 4 hits, 1 error, 2 left on base; Chicago 0 - Toledo 3 |
TOP OF THE 5TH |
Chicago Gold Sox batting - Pitching for Toledo Stingers : RHP Enrique Castro
|
Batting: RHB Jeb Sexton
|
0-0: Swinging Strike 0-1: Ball 1-1: Ground out 6-3 (Groundball, 6)
|
Batting: LHB Roberto Vázquez
|
0-0: Ground out 4-3 (Groundball, 4)
|
Batting: RHB Zeus Preckwinkle
|
0-0: Ball 1-0: Ball 2-0: Foul Ball, location: 2F 2-1: Fly out, F9 (Flyball, 9)
|
Top of the 5th over - 0 runs, 0 hits, 0 errors, 0 left on base; Chicago 0 - Toledo 3 |
BOTTOM OF THE 5TH |
Toledo Stingers batting - Pitching for Chicago Gold Sox : RHP Tony Alfonso
|
Batting: RHB Manny Bendixen
|
0-0: Foul Ball, location: 2F 0-1: Ground out 5-3 (Groundball, 5S)
|
Batting: RHB Alfredo Martínez
|
0-0: Called Strike 0-1: Swinging Strike 0-2: Strikes out swinging
|
Batting: LHB Tural Bishara
|
0-0: Ball 1-0: Ball 2-0: Foul Ball, location: 2F 2-1: Called Strike 2-2: Ball 3-2: Foul Ball, location: 2F 3-2: Fly out, F5 (Flyball, 5DF)
|
Bottom of the 5th over - 0 runs, 0 hits, 0 errors, 0 left on base; Chicago 0 - Toledo 3 |
TOP OF THE 6TH |
Chicago Gold Sox batting - Pitching for Toledo Stingers : RHP Enrique Castro
|
Batting: RHB Jay Hood
|
0-0: Called Strike 0-1: Ball 1-1: Foul Ball, location: 2F 1-2: SOLO HOME RUN (Flyball, 7LD), Distance : 356 ft
|
Batting: RHB Ramón Rodríguez
|
0-0: Ball 1-0: Ground out 5-3 (Groundball, 5)
|
Batting: RHB Shimei Miura
|
0-0: Ball 1-0: Fly out, F5 (Line Drive, 5)
|
Batting: SHB Lupo Cotto
|
0-0: Ground out 1-3 (Groundball, 13S)
|
Top of the 6th over - 1 run, 1 hit, 0 errors, 0 left on base; Chicago 1 - Toledo 3 |
BOTTOM OF THE 6TH |
Toledo Stingers batting - Pitching for Chicago Gold Sox : RHP Tony Alfonso
|
Batting: SHB Dylan Carson
|
0-0: Called Strike 0-1: Swinging Strike 0-2: Foul Ball, location: 2F 0-2: Ball 1-2: Foul Ball, location: 2F 1-2: Ball 2-2: Strikes out swinging
|
Batting: RHB Brett Callison
|
0-0: Called Strike 0-1: Ball 1-1: Called Strike 1-2: Strikes out swinging
|
Batting: SHB Eugene Clutch
|
0-0: Ball 1-0: Called Strike 1-1: Ground out U3 (Groundball, 34)
|
Bottom of the 6th over - 0 runs, 0 hits, 0 errors, 0 left on base; Chicago 1 - Toledo 3 |
TOP OF THE 7TH |
Chicago Gold Sox batting - Pitching for Toledo Stingers : RHP Enrique Castro
|
Batting: RHB Manuel Guillama
|
0-0: Ball 1-0: Foul Ball, location: 2F 1-1: Ball 2-1: Ground out 4-3 (Groundball, 4)
|
Batting: RHB Gustavo Mateo
|
0-0: Reached on error, E9 (Flyball, 9S)
|
Pinch Runner at 1st Norman Winston:
|
|
Batting: RHB Jeb Sexton
|
0-0: Foul Ball, location: 2F 0-1: Swinging Strike 0-2: Ball Norman Winston is caught stealing 2nd base 1-2: Ball 2-2: Ground out 6-3 (Groundball, 6)
|
Top of the 7th over - 0 runs, 0 hits, 1 error, 0 left on base; Chicago 1 - Toledo 3 |
BOTTOM OF THE 7TH |
Toledo Stingers batting - Pitching for Chicago Gold Sox : RHP Tony Alfonso
|
Batting: RHB Pedro Álvarez
|
0-0: Ball 1-0: SINGLE (Line Drive, 6M)
|
Batting: LHB Francisco Alfaro
|
0-0: Sac Bunt - play at first, batter OUT! 1-3 Pedro Álvarez to second
|
Batting: RHB Tamasaburo Kato
|
0-0: Intentional Walk
|
Batting: RHB Manny Bendixen
|
0-0: Ball 1-0: Ball 2-0: Foul Ball, location: 2F 2-1: Called Strike 2-2: Strikes out swinging
|
Batting: RHB Alfredo Martínez
|
0-0: Ball 1-0: Ball 2-0: Called Strike 2-1: Ground out 3-1 (Groundball, 34S)
|
Bottom of the 7th over - 0 runs, 1 hit, 0 errors, 2 left on base; Chicago 1 - Toledo 3 |
TOP OF THE 8TH |
Chicago Gold Sox batting - Pitching for Toledo Stingers : RHP Enrique Castro
|
Batting: LHB Roberto Vázquez
|
0-0: Ball 1-0: Ball 2-0: Ground out 4-3 (Groundball, 4D)
|
Batting: RHB Zeus Preckwinkle
|
0-0: TRIPLE (Line Drive, 8LXD)
|
Batting: RHB Jay Hood
|
0-0: Ball 1-0: Ball 2-0: Foul Ball, location: 2F 2-1: SINGLE (Flyball, 78S) Zeus Preckwinkle scores
|
Batting: RHB Ramón Rodríguez
|
0-0: Called Strike 0-1: Ball 1-1: Foul Ball, location: 2F 1-2: Foul Ball, location: 2F 1-2: Strikes out swinging
|
Batting: RHB Shimei Miura
|
0-0: Called Strike 0-1: Called Strike 0-2: Ball 1-2: SINGLE (Line Drive, 8RS) Jay Hood to second Jay Hood to third
|
Pitching: LHP Asher Spivey
|
|
Batting: SHB Lupo Cotto
|
0-0: Ball 1-0: Called Strike 1-1: Ball 2-1: Foul Ball, location: 2F 2-2: Foul Ball, location: 2F 2-2: Ground out 5-3 (Groundball, 5S)
|
Top of the 8th over - 1 run, 3 hits, 0 errors, 2 left on base; Chicago 2 - Toledo 3 |
BOTTOM OF THE 8TH |
Toledo Stingers batting - Pitching for Chicago Gold Sox : RHP Tony Alfonso
|
Batting: LHB Tural Bishara
|
0-0: Ball 1-0: SINGLE (Flyball, 78S)
|
Pitching: LHP Esteban Jiménez
|
|
Batting: SHB Dylan Carson
|
0-0: Ball 1-0: Ball 2-0: Ball 3-0: Fly out, F8 (Flyball, 8RS)
|
Batting: RHB Brett Callison
|
0-0: Ball 1-0: Ball 2-0: Swinging Strike 2-1: Foul Ball, location: 2F 2-2: Ball 3-2: Foul Ball, location: 2F 3-2: Base on Balls Tural Bishara to second
|
Batting: SHB Eugene Clutch
|
0-0: Called Strike 0-1: Swinging Strike 0-2: Ball 1-2: Strikes out swinging
|
Batting: RHB Pedro Álvarez
|
0-0: SINGLE (Groundball, 56D) Tural Bishara to third Brett Callison to second Runner from 3rd tries for Home, SAFE, no throw
|
Pinch Hitting: RHB Steve Koch
|
0-0: Ball 1-0: Called Strike 1-1: Fly out, F7 (Flyball, 7)
|
Bottom of the 8th over - 1 run, 2 hits, 0 errors, 2 left on base; Chicago 2 - Toledo 4 |
TOP OF THE 9TH |
Chicago Gold Sox batting - Pitching for Toledo Stingers : LHP Asher Spivey
|
Pitching: LHP An Jang-Yop
|
|
Now at SS: Armando Alvarado
|
|
Batting: RHB Manuel Guillama
|
0-0: Called Strike 0-1: Fly out, F5 (Popup, 5)
|
Batting: RHB Norman Winston
|
0-0: Called Strike 0-1: Ball 1-1: Called Strike 1-2: Strikes out swinging
|
Batting: RHB Jeb Sexton
|
0-0: Swinging Strike 0-1: Ground out 4-3 (Groundball, 4)
|
Top of the 9th over - 0 runs, 0 hits, 0 errors, 0 left on base; Chicago 2 - Toledo 4 |
|